 Dungeon Crawl Stone Soup version 0.21-a0-278-ga722497 (webtiles) character file.

3866 FrankyJ the Blocker (level 10, -9/72 HPs)
             Began as an Octopode Fighter on Sept 23, 2017.
             Was an Initiate of Wu Jian.
             Mangled by a two-headed ogre
             ... wielding a +0 giant club
              (17 damage)
             ... on level 9 of the Dungeon.
             The game lasted 00:23:13 (10866 turns).

FrankyJ the Blocker (Octopode Fighter)             Turns: 10866, Time: 00:23:13

Health: -9/72      AC:  1    Str: 18    XL:     10   Next: 19%
Magic:  10/10      EV: 17    Int: 10    God:    Wu Jian [......]
Gold:   184        SH: 11    Dex: 16    Spells: 8/9 levels left

rFire    . . .     SeeInvis +   a - +0 rapier
rCold    . . .     Gourm    .   b - +0 shield
rNeg     . . .     Faith    .   (helmet restricted)
rPois    .         Spirit   .   (no amulet)
rElec    .         Reflect  .   k - +3 ring of dexterity
rCorr    .         Harm     .   x - ring of see invisible
MR       .....                  (no ring)
Stlth    +++++.....             (no ring)
HPRegen  0.22/turn              (no ring)
MPRegen  0.12/turn              (no ring)
                                (no ring)
                                (no ring)

@: about to teleport
A: almost no armour, stealthy swim, amphibious, 8 rings, constrict 8, camouflage
1, gelatinous body 1
a: Renounce Religion


You were on level 9 of the Dungeon.
You worshipped Wu Jian.
Wu Jian was noncommittal.
You were not hungry.

You visited 2 branches of the dungeon, and saw 11 of its levels.

You collected 379 gold pieces.
You spent 195 gold pieces at shops.

Inventory:

Hand Weapons
 a - a +0 rapier (weapon)
 t - a +1 dagger of freezing
Missiles
 w - 2 silver javelins (quivered)
 J - 5 curare-tipped needles
Armour
 b - a +0 shield (worn)
Jewellery
 h - an uncursed amulet of faith
 k - a +3 ring of dexterity (left tentacle)
 q - an uncursed ring of protection from cold {unknown}
 x - a ring of see invisible (right tentacle)
 G - an uncursed amulet of guardian spirit {unknown}
Wands
 z - a wand of confusion (19/48)
 F - a wand of scattershot (3/9)
Scrolls
 j - a scroll of recharging
 m - 5 scrolls of remove curse
 p - a scroll of blinking
 r - 3 scrolls of identify
 v - 2 scrolls of teleportation
 y - a scroll of brand weapon {unknown}
 A - 2 scrolls of amnesia {unknown}
 B - a scroll of enchant armour {unknown}
 C - 2 scrolls of fear {unknown}
 D - a scroll of random uselessness {unknown}
 E - a scroll of acquirement {unknown}
 H - a scroll of immolation {unknown}
 L - a scroll of enchant weapon {unknown}
Potions
 c - a potion of might
 e - a potion of ambrosia {unknown}
 f - 2 potions of curing {unknown}
 l - 2 potions of mutation
 o - 2 potions of lignification {unknown}
 u - a potion of invisibility {unknown}
 I - a potion of haste {unknown}
Books
 s - a book of Cantrips

   Spells                             Type                      Level
   a - Confusing Touch                Hexes                        1
   b - Animate Skeleton               Necromancy                   1
   c - Summon Small Mammal            Summoning                    1
   d - Apportation                    Translocation                1
 M - a book of Battle

   Spells                             Type                      Level
   a - Infusion                       Charms                       1
   b - Shroud of Golubria             Charms/Translocation         2
   c - Song of Slaying                Charms                       2
   d - Spectral Weapon                Hexes/Charms                 3
   e - Regeneration                   Charms/Necromancy            3
Comestibles
 d - 4 bread rations
 g - 3 fruits
 i - 6 meat rations
 n - 4 royal jellies
 K - 3 chunks of flesh


   Skills:
 - Level 8.0 Fighting
 - Level 4.1 Short Blades
 - Level 7.0 Dodging
 + Level 7.5 Stealth
 - Level 9.0 Shields


You had 8 spell levels left.
You knew the following spells:

 Your Spells              Type           Power        Failure   Level  Hunger
a - Confusing Touch       Hex            #.....       63%         1    ##.....


Dungeon Overview and Level Annotations

Branches:
Dungeon (10/15)            Temple (1/1) D:4
   Lair: D:8-11         Orc: D:9-12

Altars:
Ashenzari
Cheibriados
Elyvilon
Fedhas
Gozag
Hepliaklqana
Kikubaaqudgha
Makhleb
Nemelex Xobeh
Okawaru
Qazlal
Ru
Sif Muna
Trog
Uskayaw
Vehumet
Wu Jian
Xom
Yredelemnul
Zin
The Shining One

Shops:
D:6 :*   D:7 :

Annotations:
D:3 exclusion: door
D:4 exclusion: ogre
D:6 2 transporters


Innate Abilities, Weirdness & Mutations

You cannot wear most types of armour.
You are very stealthy in the water. (Stealth+)
You are amphibious.
You can wear up to eight rings at the same time.
You can use your tentacles to constrict eight enemies at once.
Your skin changes colour to match your surroundings (Stealth+).
Your rubbery body absorbs attacks. (AC +1, EV +1)


Message History

The two-headed ogre hits you with a giant club!!
The two-headed ogre hits you with a giant spiked club!!
* * * LOW HITPOINT WARNING * * *
You are too injured to fight recklessly!
You are too injured to fight recklessly!
You are too injured to fight recklessly!
You are too injured to fight recklessly!
You are too injured to fight recklessly!
You are too injured to fight recklessly!
You hit the two-headed ogre.
The two-headed ogre is lightly wounded.
You block the two-headed ogre's attack.
The two-headed ogre hits you with a giant spiked club!
* * * LOW HITPOINT WARNING * * *
Okay, then.
Okay, then.
As you read the scroll of teleportation, it crumbles to dust.
You feel strangely unstable.
The two-headed ogre hits you with a giant club!
You die...

#.... ........... ##...
#.......... #..# #..........
###..# #......... # ####....#
#......... #######.......#
#......... .##...........##
##.........
...........#...########..........
.......#####....@O...............
#...#### ##............###.....
#...# #....###......# ##... ##..#
#...### ####...# #... #... #.....
##..# #... ..... ....##. #..##
##.. ..........# . #...### ##.
##.. #รท....# #. #........#..


You could see a two-headed ogre.

Vanquished Creatures
  A two-headed ogre (D:8)
  A centaur skeleton (D:10)
  Grinder (D:5)
  Edmund (D:4)
  Menkaure (D:7)
  A water moccasin (D:6)
  An ice beast (D:7)
  4 sky beasts
  A black bear (D:9)
  4 ogres
  A phantom (D:6)
  2 centaurs
  Blork the orc (D:4)
  3 bullfrogs
  A wyvern skeleton (D:10)
  2 scorpions
  3 howler monkeys
  2 crimson imps
  3 orc priests
  A hound (D:10)
  A bullfrog skeleton (D:7)
  4 orc wizards
  2 iguanas
  2 worker ants
  A worker ant zombie (D:5)
  Robin (D:4)
  12 gnolls
  6 adders
  An adder zombie (D:7)
  2 worms (D:2)
  8 dart slugs
  5 leopard geckos
  16 orcs
  5 giant cockroaches
  14 goblins
  12 hobgoblins
  7 jackals
  8 kobolds
  3 quokkas
  A ball python (D:1)
  7 bats
  3 frilled lizards
  4 rats
160 creatures vanquished.

Notes
Turn   | Place    | Note
-------+----------+-------------------------------------------
     0 | D:1      | FrankyJ the Octopode Fighter began the quest for the Orb.
     0 | D:1      | Reached XP level 1. HP: 16/16 MP: 1/1
    15 | D:1      | Reached skill level 1 in Stealth
    31 | D:1      | Reached XP level 2. HP: 17/21 MP: 2/2
   142 | D:1      | HP: 1/21 [kobold/club (2)]
   466 | D:1      | Reached XP level 3. HP: 24/26 MP: 3/3
  1611 | D:2      | Reached skill level 4 in Shields
  1729 | D:2      | Reached XP level 4. HP: 31/31 MP: 4/4
  1885 | D:3      | Found a basalt altar of Yredelemnul.
  1999 | D:3      | Found a deep blue altar of Sif Muna.
  2145 | D:3      | Found a hazy altar of Hepliaklqana.
  2183 | D:3      | Learned a level 1 spell: Confusing Touch
  2921 | D:3      | Reached skill level 5 in Stealth
  3029 | D:3      | Reached XP level 5. HP: 27/36 MP: 5/5
  3239 | D:4      | Noticed an ogre
  3403 | D:4      | Found a staircase to the Ecumenical Temple.
  3422 | Temple   | Entered the Ecumenical Temple
  3986 | D:4      | Noticed Robin
  4171 | D:3      | Reached XP level 6. HP: 35/42 MP: 6/6
  4250 | D:3      | Reached skill level 5 in Shields
  4757 | D:4      | Killed Robin
  4998 | D:4      | Noticed Edmund
  5009 | D:4      | Killed Edmund
  5009 | D:4      | Reached skill level 6 in Shields
  5009 | D:4      | Reached XP level 7. HP: 29/46 MP: 7/7
  5251 | D:5      | Entered Level 5 of the Dungeon
  5581 | D:5      | Noticed Grinder
  5581 | D:5      | Paralysed by Grinder for 3 turns
  5637 | D:4      | Reached skill level 7 in Shields
  5682 | D:4      | Noticed Blork the orc
  5685 | D:4      | Killed Blork the orc
  6143 | D:5      | Killed Grinder
  6143 | D:5      | Reached skill level 8 in Shields
  6143 | D:5      | Reached XP level 8. HP: 43/52 MP: 8/8
  6369 | D:5      | Reached skill level 9 in Shields
  6382 | D:5      | Found a white marble altar of Elyvilon.
  7360 | D:6      | Found a transporter.
  7458 | D:6      | Found a transporter.
  7481 | D:6      | Found Ratogup's Elemental Accessories.
  7490 | D:6      | Bought a wand of scattershot (1/9) for 195 gold pieces
  7697 | D:6      | Found an opulent altar of Gozag.
  7876 | D:6      | Reached skill level 5 in Dodging
  8057 | D:6      | Found a shimmering altar of Xom.
  8064 | D:6      | Reached XP level 9. HP: 55/58 MP: 9/9
  8195 | Temple   | Became a worshipper of the Wu Jian Council
  8305 | D:6      | Found Varchasup's Book Boutique.
  8854 | D:7      | Noticed Menkaure
  8857 | D:7      | Killed Menkaure
  9273 | D:7      | Found Jiucefyu's Book Boutique.
  9409 | D:7      | Found a snail-covered altar of Cheibriados.
  9583 | D:7      | Reached skill level 5 in Fighting
  9782 | D:8      | Noticed a two-headed ogre
  9796 | D:8      | HP: 3/62 [two-headed ogre/giant club (14)]
  9798 | D:8      | Killed a two-headed ogre
 10368 | D:7      | You fall through a shaft for 3 floors!
 10368 | D:10     | Entered Level 10 of the Dungeon
 10481 | D:10     | Reached XP level 10. HP: 40/72 MP: 10/10
 10729 | D:9      | Noticed a two-headed ogre
 10837 | D:9      | Found a glowing silver altar of Zin.
 10866 | D:9      | Mangled by a two-headed ogre

Vault maps used:
D:1:      mushboom_english_gardens
D:3:      led_sif_book, nicolae_overflow_crystal_walls,
          yredelemnul_altar_generic
D:4:      minmay_temple_entry_purple_smoke, uniq_robin, uniq_edmund,
          uniq_blork_the_orc
D:5:      lemuel_round_altar, first_bread, uniq_grinder
D:6:      gammafunk_cloud_chamber, kennysheep_little_box, basic_altar,
          serial_shops, nicolae_shop_competitors_out_of_business,
          nicolae_elemental_shop
D:7:      overflow_temple_1_default, serial_shops, shop_statue, uniq_menkaure,
          uniq_crazy_yiuf_cottage
D:8:      grunt_lair_entry_orc_guard_hut, blue_anna_alchemist, hex_medium,
          uniq_prince_ribbit1, uniq_erica
D:9:      chequers_temple_overflow_statue_of_worship, mrwooster_statue_mirror,
          uniq_grum
D:10:     solitary_fountain, kennysheep_cross_room
Temple:   eino_temple_water

Skill      XL: |  1  2  3  4  5  6  7  8  9 10 |
---------------+-------------------------------+-----
Stealth        | 1 2 3 5 6 7 |  7.5
Shields        | 4 6 8 9 |  9.0
Fighting       | 4 8 |  8.0
Dodging        | 5 7 |  7.0
Short Blades   | 4 |  4.1

Action                   |  1- 3 |  4- 6 |  7- 9 | 10-12 || total
-------------------------+-------+-------+-------+-------++-------
Melee: Rapier            |    73 |   118 |   233 |    30 ||   454
       Constrict         |    23 |    32 |    31 |     6 ||    92
       Tentacles         |     8 |    20 |    61 |     9 ||    98
Evoke: Wand              |       |       |     1 |       ||     1
  Use: Scroll            |     1 |       |     7 |     1 ||     9
       Potion            |       |       |     2 |       ||     2
 Stab: Sleeping          |    14 |    12 |    13 |     1 ||    40
  Eat: Chunk             |     2 |     6 |    13 |     2 ||    23
       Bread ration      |       |     1 |     1 |       ||     2
Armor: Skin              |     5 |     3 |     4 |     2 ||    14
Dodge: Dodged            |    22 |    56 |    96 |    14 ||   188
Block: Shield            |    29 |    60 |   100 |    21 ||   210

Table legend:
 A = Spawn XP
 B = Non-spawn XP
 C = Spawn XP percentage of total XP
 D = Spawn monster count
 E = Non-spawn monster count
 F = Spawn count percentage of total count
 G = Total turns spent on level
                    A         B        C        D         E        F      G
               +---------+---------+-------+---------+---------+-------+---------
         Total |       0 |    5524 |   0.0 |       0 |     160 |   0.0 | 10866
               +---------+---------+-------+---------+---------+-------+---------
           D:1 |       0 |      44 |   0.0 |       0 |      23 |   0.0 |   720
           D:2 |       0 |      40 |   0.0 |       0 |      19 |   0.0 |  1103
           D:3 |       0 |     186 |   0.0 |       0 |      34 |   0.0 |  2191
           D:4 |       0 |    1020 |   0.0 |       0 |      34 |   0.0 |  2235
           D:5 |       0 |     726 |   0.0 |       0 |      12 |   0.0 |   724
           D:6 |       0 |     367 |   0.0 |       0 |       5 |   0.0 |  1149
           D:7 |       0 |    1007 |   0.0 |       0 |      18 |   0.0 |  1273
           D:8 |       0 |    1112 |   0.0 |       0 |       3 |   0.0 |   415
           D:9 |       0 |     277 |   0.0 |       0 |       7 |   0.0 |    99
          D:10 |       0 |     745 |   0.0 |       0 |       5 |   0.0 |   399
               +---------+---------+-------+---------+---------+-------+---------
